 Dungeon Crawl Stone Soup version 0.22.1-1-ga44c0e56f4 (webtiles) character file.

56 Reeggar the Ducker (level 3, 0/36 HPs)
             Began as a Troll Fighter on Oct 30, 2018.
             Slain by a goblin (3 damage)
             ... led by Robin
             ... on level 2 of the Dungeon.
             The game lasted 00:04:22 (1139 turns).

Reeggar the Ducker (Troll Fighter)                  Turns: 1139, Time: 00:04:23

Health: 0/36       AC:  5    Str: 30    XL:     3   Next: 69%
Magic:  2/2        EV:  8    Int:  4    God:
Gold:   81         SH:  9    Dex:  9    Spells: 2/2 levels left

rFire    . . .     SeeInvis .     - Unarmed
rCold    . . .     Gourm    +   b - +0 shield
rNeg     . . .     Faith    .   a - +0 robe
rPois    .         Spirit   .   (helmet restricted)
rElec    .         Reflect  .   (no cloak)
rCorr    .         Harm     .   (gloves unavailable)
MR       .....                  (boots unavailable)
Stlth    +.........             (no amulet)
HPRegen  0.52/turn              (no ring)
MPRegen  0.08/turn              (no ring)

@: mighty
A: large, unfitting armour, claws 3, fast metabolism 3, gourmand, regeneration
1, shaggy fur 1, tough skin 2
a: no special abilities


You were on level 2 of the Dungeon.
You were full.

You visited 1 branch of the dungeon, and saw 2 of its levels.

You collected 81 gold pieces.

Inventory:

Armour
 a - a +0 robe (worn)
 b - a +0 shield (worn)
Scrolls
 e - 3 scrolls of identify {unknown}
 i - a scroll of blinking {unknown}
 k - a scroll of enchant armour {unknown}
 l - a scroll of noise {unknown}
 m - a scroll of teleportation {unknown}
Potions
 f - a potion of haste {unknown}
 g - a potion of ambrosia {unknown}
 h - a potion of degeneration {unknown}
 j - a potion of invisibility {unknown}
Comestibles
 d - 5 rations


   Skills:
 + Level 2.6 Fighting
 + Level 3.0 Dodging
 + Level 2.9 Shields
 + Level 2.5 Unarmed Combat


You had 2 spell levels left.
You didn't know any spells.
Your spell library was empty.

Dungeon Overview and Level Annotations

Branches:
Dungeon (2/15)

Altars:

Annotations:
D:2 Robin


Innate Abilities, Weirdness & Mutations

You are too large for most types of armour.
You have claws for hands.
Your metabolism is lightning-fast.
You like to eat raw meat.
Your natural rate of healing is unusually fast.
You are covered in fur. (AC +1)
You have very tough skin. (AC +2)


Message History

* * * LOW HITPOINT WARNING * * *
You block the goblin's attack. The goblin barely misses you.
You feel very mighty all of a sudden.
The goblin shouts!
The hobgoblin hits you but does no damage.
Robin roars a battlecry!
The goblin goes into a battle-frenzy!
The hobgoblin barely misses you. You block the goblin's attack. x2
You completely miss the goblin.
The goblin no longer looks unusually strong.
You block the hobgoblin's attack. Robin closely misses you.
You block the hobgoblin's attack. The goblin completely misses you.
The goblin hits you but does no damage.
You closely miss the goblin.
The goblin no longer looks unusually strong.
Robin barely misses you. The hobgoblin hits you.
* * * LOW HITPOINT WARNING * * *
You block the hobgoblin's attack. The goblin closely misses you.
The goblin hits you.
You die...

........# ......####.#.#.#....
#...♣♣♣♣♣♣♣♣♣########.#........
###........)..........###.....
#.♣♣♣♣♣♣♣♣♣...####### ###.#
#..##.# .# #.. #.# # #.. #.#
.##..##g########
....grgg@g......
#.#..#ggg####...
#...g.gg..%....
#.####...####.#. . ##.#..
.###.# ## ##


You could see Robin, 3 hobgoblins, 7 goblins and a rat.

Vanquished Creatures
  An adder (D:2)
  An ooze (D:1)
  A worm (D:2)
  A dart slug (D:1)
  A leopard gecko (D:1)
  6 giant cockroaches
  6 goblins
  3 hobgoblins
  A quokka (D:2)
  5 bats (D:1)
  A frilled lizard (D:2)
  2 kobolds (D:1)
  4 rats (D:1)
33 creatures vanquished.

Notes
Turn   | Place    | Note
-------+----------+-------------------------------------------
     0 | D:1      | Reeggar the Troll Fighter began the quest for the Orb.
     0 | D:1      | Reached XP level 1. HP: 22/22 MP: 0/0
   231 | D:1      | Reached XP level 2. HP: 29/29 MP: 1/1
   552 | D:1      | Reached XP level 3. HP: 36/36 MP: 2/2
   985 | D:2      | Reached skill level 3 in Dodging
  1119 | D:2      | Noticed Robin
  1139 | D:2      | Slain by a goblin

Skill      XL: |  1  2  3 |
---------------+----------+-----
Dodging        | 3 |  3.0
Fighting       | |  2.6
Shields        | |  2.9
Unarmed Combat | |  2.5

Action                   || total
-------------------------++-------
Melee: Unarmed           ||    81
  Use: Potion            ||     1
  Eat: Chunk             ||    13
Armor: Robe              ||    47
Dodge: Dodged            ||    45
Block: Shield            ||    77
